Map: Ruins of Seras

Players

MCanning - Winner!

  • Race: Protoss Protoss
  • League: Grandmaster

KawaiiRice

  • Race: Terran Terran
  • League: Grandmaster

VOD

Have the link to the VOD?

Description

Time

  • Played on: Feb. 17, 2016, 11:18 p.m.
  • Length: 8:46
Show
View Real Time Build Order
Export as new Build Order

MCanning Protoss - Winner!

Build Orders: 1 Gate Expand, Dark Templar Rush 

Get SALT Encoding   

  12  0:01  Probe (Chrono Boost)  
  13  0:12  Probe (Chrono Boost)  
  14  0:20  Pylon  
  14  0:22  Probe (Chrono Boost)  
  15  0:38  Probe (Chrono Boost), Gateway  
  16  0:48  Probe (Chrono Boost)  
  17  0:51  Assimilator  
  17  0:59  Probe (Chrono Boost)  
  18  1:09  Probe (Chrono Boost)  
  19  1:21  Nexus  
  19  1:32  Cybernetics Core  
  19  1:38  Assimilator  
  19  1:41  Probe (Chrono Boost)  
  20  1:52  Probe (Chrono Boost)  
  21  2:01  Pylon  
  21  2:02  Probe (Chrono Boost)  
  22  2:17  Warp Gate  
  22  2:19  Adept (Chrono Boost), Mothership Core (Chrono Boost)  
  26  2:25  Pylon  
  26  2:33  Probe (Chrono Boost)  
  27  2:40  Probe (Chrono Boost)  
  28  2:45  Probe (Chrono Boost)  
  28  2:46  Twilight Council  
  30  2:51  Probe (Chrono Boost)  
  30  2:55  Probe (Chrono Boost)  
  31  3:02  Probe (Chrono Boost)  
  32  3:06  Probe (Chrono Boost)  
  32  3:11  Robotics Facility  
  33  3:13  Probe (Chrono Boost)  
  33  3:17  Probe (Chrono Boost)  
  36  3:27  Probe (Chrono Boost)  
  36  3:28  Dark Shrine  
  36  3:29  Probe (Chrono Boost)  
  37  3:37  Probe (Chrono Boost)  
  37  3:38  Gateway  
  38  3:45  Gateway  
  39  3:48  Probe (Chrono Boost)  
  39  3:49  Probe (Chrono Boost)  
  39  4:04  Probe (Chrono Boost)  
  39  4:06  Assimilator, Warp Prism (Chrono Boost)  
  42  4:15  Probe  
  42  4:16  Probe  
  44  4:22  Pylon  
  44  4:26  Probe (Chrono Boost)  
  44  4:28  Probe (Chrono Boost)  
  46  4:35  Blink, Pylon  
  46  4:36  Probe (Chrono Boost)  
  47  4:39  Probe  
  47  4:43  Observer (Chrono Boost)  
  49  4:46  Probe, Assimilator  
  49  4:51  Dark Templar x2  
  54  4:59  Dark Templar  
  56  5:02  Probe  
  56  5:05  Probe, Gateway  
  58  5:14  Probe  
  59  5:15  Probe  
  59  5:18  Immortal (Chrono Boost)  
  64  5:25  Pylon x2  
  64  5:34  Pylon  
  64  5:35  Pylon  
  64  5:40  Pylon  
  60  5:43  Mothership Core  
  60  5:48  Dark Templar x2  
  59  5:58  Probe  
  59  6:02  Probe  
  52  6:10  Probe, Dark Templar  
  54  6:13  Probe  
  54  6:16  Zealot  
  55  6:22  Probe  
  55  6:23  Dark Templar  
  55  6:24  Probe  
  47  6:33  Observer (Chrono Boost)  
  47  6:34  Probe x2  
  49  6:45  Probe  
  49  6:46  Probe  
  49  6:56  Probe, Dark Templar  
  49  6:59  Probe  
  53  7:07  Mothership Core  
  53  7:23  Dark Templar  
  53  7:25  Sentry  
  53  7:26  Sentry  
  53  7:29  Probe  
  60  7:37  Probe  
  60  7:38  Adept  
  60  7:41  Probe  
  64  7:48  Probe  
  64  7:50  Pylon  
  65  7:53  Probe  
  65  7:54  Stalker x2  
  68  8:05  Stalker x2  
  61  8:18  Stalker x2  
  53  8:31  Probe  
  53  8:33  Probe  
  52  8:36  Adept x2  
Show
View Real Time Build Order
Export as new Build Order

KawaiiRice Terran 

Build Orders: Reaper Expand 

Get SALT Encoding   

  12  0:01  SCV  
  13  0:13  SCV  
  14  0:18  Supply Depot  
  14  0:25  SCV  
  15  0:39  SCV  
  15  0:41  Barracks  
  16  0:46  Refinery  
  16  0:51  SCV  
  17  1:03  SCV  
  18  1:16  SCV  
  19  1:28  Orbital Command  
  19  1:29  Reaper  
  20  1:42  Command Center  
  20  1:51  Supply Depot  
  20  1:54  SCV  
  21  2:03  Barracks Reactor  
  21  2:06  SCV  
  22  2:10  Barracks  
  22  2:18  SCV  
  23  2:25  Factory  
  23  2:28  Refinery  
  23  2:32  SCV  
  24  2:44  SCV, Marine x2  
  27  2:55  Orbital Command  
  27  2:56  SCV  
  28  3:00  Barracks Tech Lab  
  28  3:02  Marine x2  
  30  3:09  SCV  
  30  3:12  Starport  
  31  3:14  Factory Reactor  
  31  3:19  Marine  
  31  3:20  Marine  
  31  3:22  SCV  
  31  3:25  SCV  
  31  3:26  Marine  
  36  3:33  Stimpack  
  36  3:34  SCV  
  36  3:40  SCV  
  38  3:42  Supply Depot  
  38  3:44  Marine  
  38  3:46  SCV  
  38  3:48  Marine x2  
  42  4:03  Marine  
  42  4:06  Marine x2  
  42  4:08  SCV x2  
  46  4:12  Medivac x2  
  46  4:14  Widow Mine  
  52  4:19  Supply Depot  
  52  4:20  SCV  
  52  4:21  Marine  
  54  4:26  Supply Depot  
  54  4:37  Supply Depot  
  54  4:40  SCV x2, Marine x3  
  59  4:46  Liberator  
  59  4:52  SCV x2  
  61  4:57  Barracks  
  61  4:59  Barracks  
  62  5:02  Barracks  
  65  5:08  Refinery, SCV  
  65  5:09  SCV  
  65  5:11  Marine  
  65  5:12  Refinery  
  65  5:13  Marine  
  68  5:16  Factory Reactor  
  58  5:32  Marine x2  
  58  5:33  Marauder  
  51  5:47  Marine x2  
  51  5:50  Marine x2  
  51  5:52  Marine  
  51  5:53  Marine  
  50  6:05  Marine  
  48  6:16  Orbital Command, Marine  
  45  6:21  Marine  
  45  6:24  Marine  
  44  6:27  Marine  
  44  6:31  Marine  
  37  7:05  Orbital Command  
  33  7:08  Orbital Command  
Tags
 
Add a new tag
Caveats
  • Supply blocks, unpowered buildings, or Contaminate may cause inaccurate times.
  • Supply counts are checked every 10 seconds.